 Dungeon Crawl Stone Soup version 0.21-a0-442-g848f44b (webtiles) character file.

47 slep the Slasher (level 3, -6/28 HPs)
             Began as a Barachi Gladiator on Nov 15, 2017.
             Mangled by a worm (8 damage)
             ... on level 2 of the Dungeon.
             The game lasted 00:03:54 (1027 turns).

slep the Slasher (Barachi Gladiator)                Turns: 1027, Time: 00:03:55

Health: -6/28      AC:  4    Str: 16    XL:     3   Next: 70%
Magic:  3/3        EV: 12    Int:  8    God:
Gold:   91         SH:  3    Dex: 13    Spells: 2/2 levels left

rFire    . . .     SeeInvis .   a - +0 long sword
rCold    . . .     Gourm    .   e - +0 buckler
rNeg     . . .     Faith    .   b - +0 leather armour
rPois    .         Spirit   .   c - +0 helmet
rElec    .         Reflect  .   (no cloak)
rCorr    .         Harm     .   (no gloves)
MR       .....                  (no boots)
Stlth    +.........             (no amulet)
HPRegen  0.09/turn              (no ring)
MPRegen  0.08/turn              (no ring)

@: slow
A: +LOS, swims, slowness 1, strong legs 1
a: Hop


You were on level 2 of the Dungeon.
You were not hungry.

You visited 1 branch of the dungeon, and saw 2 of its levels.

You collected 91 gold pieces.

Inventory:

Hand Weapons
 a - a +0 long sword (weapon)
 k - a +2 dagger of speed
Missiles
 d - 3 throwing nets (quivered)
Armour
 b - a +0 leather armour (worn)
 c - a +0 helmet (worn)
 e - a +0 buckler (worn)
Scrolls
 h - a scroll of identify {unknown}
 l - a scroll of fog {unknown}
 m - a scroll of amnesia {unknown}
Potions
 g - 2 potions of lignification {unknown}
 i - a potion of curing {unknown}
 j - 2 potions of heal wounds {unknown}
 n - a potion of ambrosia {unknown}
 o - a potion of berserk rage {unknown}
Comestibles
 f - a bread ration


   Skills:
 + Level 2.7 Fighting
 + Level 4.4 Long Blades
 + Level 2.1 Throwing
 + Level 1.0 Armour
 + Level 3.8 Dodging
 + Level 0.3 Shields


You had 2 spell levels left.
You didn't know any spells.

Dungeon Overview and Level Annotations

Branches:
Dungeon (2/15)

Altars:


Innate Abilities, Weirdness & Mutations

Shadows flee at your approach. (+LOS)
You can swim through water.
You cover ground slowly.
You can hop short distances.


Message History

You feel sick.
You are no longer poisoned.
You slash the hobgoblin!
You kill the hobgoblin!
Found a pair of boots.
You see here a club.
You see here 5 gold pieces.
You hit the worm.
The worm is lightly wounded.
You hit the worm.
The worm is moderately wounded.
The worm bites you.
You barely miss the worm.
The worm is moderately wounded.
The worm bites you!
* * * LOW HITPOINT WARNING * * *
You slash the worm!
The worm is severely wounded.
The worm bites you!
You die...

#.[..#.##
#####.......#
...........#
###.........#####
#...............
#.#.........#^##
..........>#...##
#..w$.......#
#..@.)##....#
.......###.#
#.#.##... ##.### #.#
#.#.##..#
###.###.###.#.##..#
.>........##.#.##..#
.............#.##..#
%###.###...........##
.. #.#####......# #..
#.#####......###


You could see a worm.

Vanquished Creatures
  An adder (D:2)
  A dart slug (D:1)
  A leopard gecko (D:1)
  3 giant cockroaches
  7 goblins (D:1)
  4 hobgoblins
  3 jackals (D:1)
  5 kobolds (D:1)
  2 bats (D:1)
  A frilled lizard (D:1)
  3 rats (D:1)
31 creatures vanquished.

Notes
Turn   | Place    | Note
-------+----------+-------------------------------------------
     0 | D:1      | slep the Barachi Gladiator began the quest for the Orb.
     0 | D:1      | Reached XP level 1. HP: 17/17 MP: 1/1
    93 | D:1      | Reached XP level 2. HP: 18/23 MP: 2/2
   119 | D:1      | Reached skill level 4 in Long Blades
   459 | D:1      | Reached XP level 3. HP: 9/28 MP: 3/3
  1001 | D:2      | Reached skill level 1 in Armour
  1027 | D:2      | Mangled by a worm

Vault maps used:
D:1:      dpeg_arrival_brainrot
D:2:      uniq_crazy_yiuf_cottage

Skill      XL: |  1  2  3 |
---------------+----------+-----
Long Blades    | 4 |  4.4
Armour         | 1 |  1.0
Fighting       | |  2.7
Throwing       | |  2.1
Dodging        | |  3.8
Shields        | |  0.3

Action                   || total
-------------------------++-------
Melee: Long sword        ||    87
  Eat: Chunk             ||     1
Armor: Leather armour    ||    16
Dodge: Dodged            ||    48
Block: Buckler           ||    16
       Rpst.: Long sword ||    14

Table legend:
 A = Spawn XP
 B = Non-spawn XP
 C = Spawn XP percentage of total XP
 D = Spawn monster count
 E = Non-spawn monster count
 F = Spawn count percentage of total count
 G = Total turns spent on level
                    A         B        C        D         E        F      G
               +---------+---------+-------+---------+---------+-------+---------
         Total |       0 |      68 |   0.0 |       0 |      31 |   0.0 |  1027
               +---------+---------+-------+---------+---------+-------+---------
           D:1 |       0 |      51 |   0.0 |       0 |      28 |   0.0 |   978
           D:2 |       0 |      17 |   0.0 |       0 |       3 |   0.0 |    49
               +---------+---------+-------+---------+---------+-------+---------
